Map: Ulrena

Players

LindyHop - Winner!

  • Race: Zerg Zerg
  • League: Silver

Komodo

  • Race: Zerg Zerg
  • League: Silver

VOD

Have the link to the VOD?

Description

Time

  • Played on: Dec. 3, 2015, 11:34 p.m.
  • Length: 3:08
Show
View Real Time Build Order
Export as new Build Order

LindyHop Zerg - Winner!

Build Orders: Pool First 

Get SALT Encoding   

  12  0:01  Drone  
  13  0:08  Drone  
  14  0:25  Spawning Pool  
  13  0:30  Extractor  
  13  0:31  Drone  
  13  0:39  Overlord  
  13  0:52  Drone  
  14  0:58  Drone x2  
  16  1:12  Queen  
  16  1:14  Zergling x2  
  19  1:22  Zergling x2  
  20  1:28  Zergling x2  
  20  1:31  Metabolic Boost  
  21  1:37  Zergling x2  
  22  1:52  Overlord  
  22  1:59  Baneling Nest  
  21  2:04  Zergling x2  
  22  2:12  Zergling x2  
  23  2:22  Zergling x4  
  25  2:24  Zergling x2  
  25  2:25  Zergling x2  
  27  2:33  Zergling x2  
  28  2:43  Zergling x2  
  29  2:57  Hatchery  
Show
View Real Time Build Order
Export as new Build Order

Komodo Zerg 

Build Orders: Hatch First 

Get SALT Encoding   

  12  0:01  Drone  
  13  0:12  Overlord  
  13  0:17  Drone  
  14  0:31  Drone x2  
  16  0:37  Drone  
  17  0:52  Hatchery  
  16  0:57  Drone  
  17  1:04  Extractor  
  16  1:13  Spawning Pool  
  16  1:15  Drone  
  16  1:18  Drone  
  16  1:22  Drone  
  18  1:29  Drone  
  19  1:39  Drone  
  20  1:52  Overlord  
  20  2:00  Queen  
  22  2:04  Queen  
  22  2:07  Zergling x2  
  26  2:08  Zergling x2  
  26  2:23  Zergling x6  
  29  2:31  Zergling x2  
  29  2:35  Zergling x2  
  31  2:48  Spine Crawler  
  31  2:50  Spine Crawler  
Tags
 
Add a new tag
Caveats
  • Supply blocks, unpowered buildings, or Contaminate may cause inaccurate times.
  • Supply counts are checked every 10 seconds.